 Dungeon Crawl Stone Soup version 0.17-a0-1850-g688e747 (webtiles) character file.

5495 Enno the Nimble (level 11, -3/84 HPs)
             Began as a Human Berserker on Sept 19, 2015.
             Was a High Priest of Trog.
             Succumbed to a queen ant's poison
             ... on level 9 of the Dungeon.
             The game lasted 01:29:37 (9324 turns).

Enno the Nimble (Human Berserker)                   Turns: 9324, Time: 01:29:37

Health: -3/84      AC: 11    Str: 24    XL:     11   Next: 1%
Magic:  11/11      EV: 17    Int:  8    God:    Trog [*****.]
Gold:   343        SH:  0    Dex: 17    Spells: 0 memorised, 10 levels left

rFire  + . .     SeeInvis .     E - +5 rapier "Elaokos" {freeze, Dex+3}
rCold  + . .     Clarity  .     z - +3 ring mail
rNeg   . . .     SustAt   .     (no shield)
rPois  +         Gourm    .     (no helmet)
rElec  +         Spirit   .     (no cloak)
rCorr  +         Warding  .     (no gloves)
rMut   .         Stasis   .     (no boots)
MR     .....                    j - amulet of resist corrosion
Stlth  ++........               t - ring of poison resistance
                                d - +2 ring of protection

@: mighty, lethally poisoned (-3 -> -57), exhausted, resistant, slowed, very
slow, not resistant to hostile enchantments, unstealthy
A: no striking features
a: Burn Spellbooks, Berserk, Trog's Hand, Brothers in Arms, Renounce Religion


You were on level 9 of the Dungeon.
You worshipped Trog.
Trog was extremely pleased with you.
You were not hungry.

You visited 2 branches of the dungeon, and saw 10 of its levels.

You collected 676 gold pieces.
You spent 333 gold pieces at shops.

Inventory:

Hand weapons
 o - a +0 hunting sling
 E - the +5 rapier "Elaokos" (weapon) {freeze, Dex+3}
   (You found it on level 6 of the Dungeon)

   It has been specially enchanted to freeze those struck by it, causing extra
   injury to most foes and up to half again as much damage against particularly
   susceptible opponents.
   It can also slow down cold-blooded creatures.
   It affects your dexterity (+3).
Missiles
 m - 85 sling bullets (quivered)
 x - a throwing net
Armour
 z - a +3 ring mail (worn)
Jewellery
 d - a +2 ring of protection (left hand)
 f - an uncursed amulet of warding
 j - an amulet of resist corrosion (around neck)
 t - a ring of poison resistance (right hand)
 F - the ring of the Skies Above {rPois rC+ Str+3 Int+4, unknown}
   (You found it on level 7 of the Dungeon)

   [ring of protection from cold]

   It affects your strength (+3).
   It affects your intelligence (+4).
   It protects you from cold.
   It protects you from poison.
Magical devices
 n - a wand of random effects (16)
Scrolls
 r - 5 scrolls of remove curse
 y - 3 scrolls of teleportation
 C - 2 scrolls of fog
 D - 3 scrolls of enchant weapon
 I - a scroll of identify
Potions
 e - a potion of magic
 i - a potion of invisibility
 l - a potion of cure mutation
 p - a potion of poison
 v - 2 potions of degeneration
 A - 2 potions of berserk rage
 B - a potion of agility
Comestibles
 b - 4 beef jerkies
 c - 3 bread rations
 h - 11 slices of pizza
 u - 2 meat rations
 w - 2 fruits
 G - a royal jelly


   Skills:
 + Level 7.4 Fighting
 + Level 6.3(7.5) Short Blades
   Level 6.2(7.5) Long Blades
 + Level 7.4 Armour
 + Level 8.6 Dodging
 + Level 2.3 Stealth


You had 10 spell levels left.
You didn't know any spells.

Dungeon Overview and Level Annotations

Branches:
Dungeon (9/15)             Temple (1/1) D:5
   Lair: D:8-11         Orc: D:9-12

Altars:
Ashenzari
Cheibriados
Dithmenos
Elyvilon
Fedhas
Gozag
Kikubaaqudgha
Makhleb
Nemelex Xobeh
Okawaru
Qazlal
Ru
Sif Muna
Trog
Vehumet
Xom
Yredelemnul
Zin
The Shining One

Shops:
D:5 ?   D:6 *   D:8 }


Message History

You feel yourself slow down.
* * * LOW HITPOINT WARNING * * *
You feel very sick.
Drink which item? (? for menu, Esc to quit)
You don't have any such object.
Drink which item? (? for menu, Esc to quit)
Huh?
Drink which item? (? for menu, Esc to quit)
Huh?
Drink which item? (? for menu, Esc to quit)
You don't have any such object.
Drink which item? (? for menu, Esc to quit)
Okay, then.
* * * LOW HITPOINT WARNING * * *
You feel extremely sick.
Drink which item? (? for menu, Esc to quit)
You can't drink that!
Drink which item? (? for menu, Esc to quit)
You feel mightier all of a sudden.
You die...

..... # #....#### a# .
## # #...#.##.#...
...#. #.........Y...
#...# ####.# #).####...
#...###....###.........
#.#.....#####†...#####
. ##.###..#.....†#..###
.###
#..##..@..######....#
...# ####.....##...#
#.##.# #<#
#....#.######.# #.# ...
#.# #.##...# #.#####.#
#... #.####.#...##
#.....#.# ##.
#........#.# ####...##
######..##.# #....#
#.###.# #....# ..>. ..#
#....#


There were no monsters in sight!

Vanquished Creatures
  A queen ant (D:9)
  Pikel (D:8)
  The ghost of twist the Arsonist, an experienced DEFE of Vehumet (D:7)
  The ghost of Enish the Zephyrmancer, an experienced HEAE of Sif Muna (D:6)
  Joseph (D:7)
  A shadow (D:8)
  A human (D:7)
  2 hogs (D:7)
  A water moccasin (D:8)
  5 soldier ants (D:9)
  2 sky beasts
  A black bear (D:9)
  4 ogres
  A big kobold (D:7)
  A gnoll sergeant (D:7)
  5 scorpions
  A water moccasin skeleton (D:9)
  4 crimson imps
  3 hounds
  2 jellies
  A wasp zombie (D:7)
  Ijyb (D:2)
  2 orc priests
  3 orc wizards
  Jessica (D:2)
  3 iguanas
  A giant frog skeleton (D:4)
  2 sheep (D:7)
  9 worker ants
  2 hound skeletons (D:4)
  Robin (D:2)
  6 gnolls (D:7)
  10 adders
  2 oozes
  An adder skeleton (D:7)
  3 worms
  5 giant geckos
  16 orcs
  3 ball pythons
  5 bats
  9 giant cockroaches
  5 hobgoblins
  15 jackals
  9 quokkas
  A giant gecko skeleton (D:5)
  5 giant newts
  18 goblins
  A jackal skeleton (D:4)
  10 kobolds
  5 rats
194 creatures vanquished.

Vanquished Creatures (others)
  An adder skeleton (D:8)
1 creature vanquished.

Grand Total: 195 creatures vanquished

Notes
Turn   | Place    | Note
--------------------------------------------------------------
     0 | D:1      | Enno the Human Berserker began the quest for the Orb.
     0 | D:1      | Reached XP level 1. HP: 18/18 MP: 1/1
   441 | D:1      | Reached XP level 2. HP: 22/24 MP: 2/2
   723 | D:1      | Reached XP level 3. HP: 26/29 MP: 3/3
   821 | D:1      | Acquired Trog's second power
  1496 | D:2      | Noticed Robin
  1507 | D:2      | Reached XP level 4. HP: 32/35 MP: 4/4
  1585 | D:2      | Killed Robin
  1862 | D:2      | Found a glowing golden altar of the Shining One.
  2007 | D:2      | Reached skill level 4 in Long Blades
  2007 | D:2      | Reached XP level 5. HP: 15/42 MP: 5/5
  2296 | D:2      | Noticed Jessica
  2315 | D:2      | Killed Jessica
  2353 | D:2      | Noticed Ijyb
  2380 | D:2      | Killed Ijyb
  2760 | D:3      | Reached XP level 6. HP: 25/48 MP: 6/6
  4099 | D:4      | Reached XP level 7. HP: 45/54 MP: 7/7
  4422 | D:4      | Found a deep blue altar of Sif Muna.
  4824 | D:4      | Acquired Trog's third power
  5162 | D:5      | Entered Level 5 of the Dungeon
  5185 | D:4      | Reached skill level 5 in Long Blades
  5194 | D:4      | Reached skill level 1 in Stealth
  5626 | D:5      | Found a staircase to the Ecumenical Temple.
  5689 | D:5      | Reached XP level 8. HP: 51/61 MP: 8/8
  5936 | D:5      | Found a white marble altar of Elyvilon.
  5967 | D:5      | Found Quss's Magic Scroll Shop.
  5989 | D:5      | Bought a scroll of enchant weapon for 105 gold pieces
  5989 | D:5      | Bought a scroll of remove curse for 42 gold pieces
  5989 | D:5      | Bought a scroll of remove curse for 42 gold pieces
  5989 | D:5      | Bought a scroll of identify for 28 gold pieces
  5989 | D:5      | Bought a scroll of identify for 28 gold pieces
  5989 | D:5      | Bought a scroll of teleportation for 42 gold pieces
  6076 | Temple   | Entered the Ecumenical Temple
  6125 | Temple   | the one
  6178 | D:6      | Got a fine rapier
  6179 | D:6      | Identified the +5 rapier "Elaokos" {freeze, Dex+3} (You found it on level 6 of the Dungeon)
  6261 | D:6      | Noticed Enish's ghost (experienced HEAE)
  6271 | D:6      | Killed Enish's ghost
  6271 | D:6      | Reached skill level 5 in Fighting
  6271 | D:6      | Reached skill level 6 in Long Blades
  6271 | D:6      | Reached skill level 5 in Armour
  6271 | D:6      | Reached skill level 5 in Dodging
  6418 | D:6      | Found an iron altar of Okawaru.
  6461 | D:6      | Reached skill level 1 in Short Blades
  6485 | D:6      | Found Roif's Assorted Antiques.
  6705 | D:6      | Reached XP level 9. HP: 60/68 MP: 9/9
  6888 | D:6      | Bought a scroll of identify for 46 gold pieces
  6949 | D:7      | Noticed twist's ghost (experienced DEFE)
  6956 | D:7      | Killed twist's ghost
  7182 | D:7      | Found a stormy altar of Qazlal.
  7383 | D:7      | Got a clouded tin ring
  7853 | D:7      | Noticed Joseph
  7869 | D:7      | Killed Joseph
  7869 | D:7      | Reached skill level 7 in Dodging
  7869 | D:7      | Reached XP level 10. HP: 73/76 MP: 10/10
  8333 | D:8      | Noticed Pikel
  8359 | D:8      | Killed Pikel
  8359 | D:8      | Reached skill level 5 in Short Blades
  8397 | D:8      | Found Kemmeul's Gadget Emporium.
  8692 | D:8      | Found a radiant altar of Vehumet.
  8714 | D:8      | Found a sparkling altar of Nemelex Xobeh.
  8873 | D:9      | Reached skill level 8 in Dodging
  9259 | D:9      | Noticed a queen ant
  9318 | D:9      | Killed a queen ant
  9318 | D:9      | Reached XP level 11. HP: 34/84 MP: 11/11
  9323 | D:9      | HP: 3/84 [poisoned by a queen ant]
  9324 | D:9      | Succumbed to a queen ant's poison

Vault maps used:
D:1:      minmay_arrival_wavy_path
D:2:      serial_co_window_serial, co_window_of_opportunity_a,
          co_window_paths_a, co_window_of_opportunity_a, co_window_paths_a,
          co_window_corner_a, co_window_corner_a, co_window_paths_a,
          co_window_of_opportunity_b, co_window_corner_b, co_window_broadway_a,
          co_window_sun, first_bread, kennysheep_crisscross,
          hangedman_decor_clover_reticule, nicolae_tso_swordbearing_angel,
          uniq_jessica, uniq_iyjb, uniq_robin
D:3:      roderic_serpentine_path
D:4:      lemuel_blue_sif_altar, minmay_small_thing
D:5:      kennysheep_mini, minmay_temple_entry_hall, serial_shops,
          nicolae_shop_window_shopping
D:6:      okawaru_metal_pillars_1_2, serial_shops, shop
D:7:      old_standard_altar, grunt_livestock, uniq_joseph
D:8:      minitemple, serial_shops, shop, uniq_pikel
D:9:      minivault_29
Temple:   eino_temple_water_12

Action                   |  1- 3 |  4- 6 |  7- 9 | 10-12 || total
-------------------------+-------+-------+-------+-------++-------
Melee: Falchion          |   114 |   256 |   184 |       ||   554
       Rapier            |       |       |   170 |   187 ||   357
Invok: Berserk           |       |     2 |     5 |     4 ||    11
  Use: Potion            |     1 |       |       |    13 ||    14
       Scroll            |       |       |    16 |       ||    16
 Stab: Sleeping          |     1 |       |       |       ||     1
  Eat: Chunk             |       |     6 |     4 |     2 ||    12
       Meat ration       |       |     1 |       |       ||     1
       Bread ration      |       |       |     4 |     1 ||     5
